 Dungeon Crawl Stone Soup version 0.30.1-11-g7821555f0a (webtiles) character file.

Game seed: 13538158886265693572

20 Quoth the Magician (level 2, -2/17 HPs)
             Began as an Octopode Hedge Wizard on Jan 10, 2024.
             Slain by an adder (4 damage)
             ... on level 2 of the Dungeon.
             The game lasted 00:16:27 (628 turns).

Quoth the Magician (Octopode Hedge Wizard)           Turns: 628, Time: 00:16:28

Health: -2/17      AC:  1    Str:  9    XL:     2   Next: 79%
Magic:  1/6        EV: 13    Int: 16    God:
Gold:   59         SH:  0    Dex: 11    Spells: 1/8 levels left

rFire   . . .        i - +0 sling
rCold   . . .        (no shield)
rNeg    . . .        (helmet restricted)
rPois   .            (no amulet)
rElec   .            (no ring)
rCorr   .            (no ring)
SInv    .            (no ring)
Will    .....        (no ring)
Stlth   +++          (no ring)
HPRegen 0.22/turn    (no ring)
MPRegen 0.10/turn    (no ring)
                     (no ring)

%: no passive effects
@: no status effects
A: almost no armour, amphibious, 8 rings, camouflage 1, gelatinous body 1,
(nimble swimmer 1), tentacles
a: no special abilities


You were on level 2 of the Dungeon.
You visited 1 branch of the dungeon, and saw 2 of its levels.

You collected 59 gold pieces.

Inventory:

Hand Weapons
 a - a +0 dagger
 h - a +0 short sword
 i - a +0 sling (weapon)
Missiles
 j - 15 stones
Armour
 b - a +0 hat
 m - a +2 hat
Scrolls
 e - a scroll of blinking {unknown}
 g - a scroll of enchant weapon {unknown}
 k - a scroll of brand weapon {unknown}
Potions
 c - 3 potions of magic
 d - a potion of ambrosia {unknown}
 f - a potion of haste {unknown}
 l - a potion of brilliance {unknown}


   Skills:
 + Level 0.4 Ranged Weapons
 + Level 2.1 Dodging
 + Level 2.8 Stealth
 + Level 3.5 Spellcasting
 + Level 1.1 Conjurations
 + Level 1.0 Summonings
 + Level 1.0 Translocations


You had one spell level left.
You knew the following spells:

 Your Spells              Type           Power      Damage    Failure   Level
a - Magic Dart            Conj           24%        1d4       11%         1
b - Call Imp              Summ           12%        N/A       19%         2
c - Blink                 Tloc           12%        N/A       19%         2
d - Cigotuvi's Dreadful   Necr/Pois/Air  4%         N/A       26%         2

Your spell library contained the following spells:

 Spells                   Type           Power      Damage    Failure   Level
 Slow                     Hex            8%         N/A       19%         1
 Mephitic Cloud           Conj/Pois/Air  4%         N/A       41%         3


Dungeon Overview and Level Annotations

Branches:
Dungeon (2/15)

Altars:


Innate Abilities, Weirdness & Mutations

You cannot wear most types of armour.
You are amphibious.
You can wear up to eight rings at the same time.
Your skin changes colour to match your surroundings (Stealth+).
Your rubbery body absorbs attacks. (AC +1, EV +1)
((You are camouflaged when in or above water. (Stealth+)))
You have tentacles for arms and can constrict up to eight enemies at once.


Message History

Aim: an adder (moderately wounded, 100% to hit)
The magic dart hits the adder.
The adder is heavily wounded.
Casting: Magic Dart (safe; 11% risk of failure)
Confirm with . or Enter, or press ? or * to list all spells.
You blink.
Found a sedimented ruby potion.
Press: ? - help, v - describe, . - travel
Here: an adder (heavily wounded)
The floor.
Fire: i) +0 sling
Press: ? - help, Shift-Dir - straight line, f/p - adder
Aim: an adder (heavily wounded, 26% to hit)
You shoot a sling bullet. The sling bullet hits the adder.
The adder is severely wounded.
You shoot a sling bullet.
The sling bullet closely misses the adder.
The adder bites you.
You are poisoned.
The adder poisons you! The adder bites you.
You shoot a sling bullet.
The sling bullet closely misses the adder.
You feel sick. The adder barely misses you. x2
You shoot a sling bullet. The sling bullet hits the adder.
The adder is almost dead.
You feel stable enough to blink again.
You feel sick. The adder bites you.
* * * LOW HITPOINT WARNING * * *
The adder closely misses you.
You shoot a sling bullet.
The sling bullet barely misses the adder.
You feel sick. The adder closely misses you.
You shoot a sling bullet. The sling bullet misses the adder.
* * * LOW HITPOINT WARNING * * *
You feel sick.
You are no longer poisoned.
The adder closely misses you. The adder misses you.
You shoot a sling bullet.
The sling bullet closely misses the adder.
The adder bites you.
You die...

###########
#.........#
###@#######.##
#.....S....†....###
!..####.............
#...##......#
#####...##..#...#
................#
#####...##..#...#
#...##......###
####...##.##......


You could see an adder.

Vanquished Creatures
  2 ball pythons (D:1)
  3 endoplasms (D:1)
  A hobgoblin (D:1)
  A kobold (D:1)
  A quokka (D:1)
  A bat (D:1)
  A frilled lizard (D:2)
  4 rats (D:1)
14 creatures vanquished.

Vanquished Creatures (collateral kills)
  A ball python (D:1)
  2 endoplasms (D:1)
  A frilled lizard (D:1)
4 creatures vanquished.

Grand Total: 18 creatures vanquished

Notes
Turn   | Place    | Note
-------+----------+-------------------------------------------
     0 | D:1      | Quoth the Octopode Hedge Wizard began the quest for the
                  | Orb.
     0 | D:1      | Reached XP level 1. HP: 11/11 MP: 4/4
   122 | D:1      | Reached XP level 2. HP: 14/17 MP: 0/6
   178 | D:1      | Learned a level 2 spell: Call Imp
   181 | D:1      | Learned a level 2 spell: Blink
   184 | D:1      | Learned a level 2 spell: Cigotuvi's Dreadful Rot
   628 | D:2      | Slain by an adder

Illustrated notes

Levels and vault maps discovered:
D:1:      dpeg_arrival_castle, layout_rooms, palyth_stone_intersect,
          st_stairs_6, minmay_pentomino_w2
D:2:      layout_loops_ring, serial_bayou, serial_bayou_ford_a,
          serial_bayou_pond_a, serial_bayou_shore_a, serial_bayou_pond_c,
          serial_bayou_pond_e

Action                     || total
---------------------------++-------
  Melee: Dagger            ||    11
         Tentacles         ||     3
         Constrict         ||     1
   Fire: Sling             ||    27
   Cast: Magic Dart        ||    18
         Call Imp          ||     3
         Blink             ||     2
 Armour: Skin              ||     3
  Dodge: Dodged            ||    20
